 Dungeon Crawl Stone Soup version 0.27-a0-1347-gd8886f0a89 (webtiles) character file.

Game seed: 7354105449691959937

651403 Lanoc the Slayer (level 27, 0/290 HPs)
             Began as a Grey Draconian Fire Elementalist on June 27, 2021.
             Was the Champion of Qazlal.
             Killed by Shatter
             ... invoked by Gruesome's ghost
              (68 damage)
             ... on level 4 of a ziggurat.
             The game lasted 01:49:53 (57516 turns).

Lanoc the Slayer (DrFE)                            Turns: 57516, Time: 01:49:54

Health: 0/290      AC: 28    Str: 10    XL:     27
Magic:  26/26      EV: 26    Int: 19    God:    Qazlal [******]
Gold:   7536       SH: 23    Dex: 16    Spells: 7/30 levels left

rFire    + + +     SeeInvis +   a - +7 sceptre of Torment {pain, torment}
rCold    + + .     Faith    .   O - +2 shield of Resistance {rF++ rC++ Will++}
rNeg     + + .     Spirit   .   (armour unavailable)
rPois    .         Reflect  .   U - +2 hat {Will+}
rElec    .         Harm     .   N - +2 cloak of Red Divine Compulsion {Rampage *Slow rCorr Slay+5}
rCorr    +         Rampage  ∞   t - +0 pair of gloves "Okicuukh" {rN+}
Will     +++++                  d - +3 pair of seven-league boots {Rampage+∞}
Stlth    +.........             S - amulet of Noampoun {rN+ Regen+ Dex-4 Slay+3 SInv}
HPRegen  1.58/turn              W - +4 ring of slaying
MPRegen  0.20/turn              Q - +4 ring of slaying

@: protected from fire, studying 2 skills, repel missiles
A: AC +18, amphibious, unfitting armour, cold-blooded, claws 1, talons 1,
mutation resistance 1, robust 1, weak 1
}: 4/15 runes: decaying, slimy, silver, gossamer
a: Renounce Religion, Upheaval, Elemental Force, Disaster Area


You were on level 4 of a ziggurat.
You worshipped Qazlal.
Qazlal was exalted by your worship.
You visited 10 branches of the dungeon, and saw 50 of its levels.
You visited 1 ziggurat, and saw 4 of its levels.
You also visited: Trove and Wizlab.

You collected 10392 gold pieces.
You spent 2856 gold pieces at shops.

Inventory:

Hand Weapons
 a - the +7 sceptre of Torment (weapon) {pain, torment}
   (You found it on level 4 of the Dungeon)

   In the hands of one skilled in necromantic magic, it inflicts extra damage on
   living creatures.
Missiles
 p - 5 throwing nets
 I - 20 curare-tipped darts
Armour
 d - the +3 pair of seven-league boots (worn) {Rampage+∞}
   (You found it in a treasure trove)
 t - the +0 pair of gloves "Okicuukh" (worn) {rN+}
   (You found it on level 3 of the Vaults)

   rN:        It protects you from negative energy.
 N - the +2 cloak of Red Divine Compulsion (worn) {Rampage *Slow rCorr Slay+5}
   (You bought it in a shop on level 2 of the Orcish Mines)

   Slay:      It affects your accuracy & damage with ranged weapons and melee
   (+5).
   rCorr:     It protects you from acid and corrosion.
   *Slow:     It may slow you when you take damage.
   Rampage:   It bestows one free step when moving towards enemies.
 O - the +2 shield of Resistance (worn) {rF++ rC++ Will++}
   (You bought it in a shop on level 2 of the Orcish Mines)

   rF:        It greatly protects you from fire.
   rC:        It greatly protects you from cold.
   Will:      It greatly increases your willpower.
 U - a +2 hat of willpower (worn)
 Y - the +0 pair of boots "Bamyg" {Fly rCorr}
   (You acquired it on level 5 of the Lair of Beasts)

   Fly:       It grants you flight.
   rCorr:     It protects you from acid and corrosion.
Jewellery
 n - the ring of the Equinox {Fire Drain Fly rPois rN++}
   (You bought it in a shop on level 1 of the Elven Halls)

   [ring of fire]

   It enhances your fire magic.rF: It protects you from fire.
   rC:        It makes you vulnerable to cold.
   rPois:     It protects you from poison.
   rN:        It greatly protects you from negative energy.
   Fly:       It grants you flight.
   Drain:     It drains your maximum health when unequipped.
 u - the ring of the King {Fire rElec Str+10 Int+2 Dex-3}
   (You took it off a tengu warrior on level 3 of the Depths)

   [ring of fire]

   It enhances your fire magic.Str: It affects your strength (+10).
   Int:       It affects your intelligence (+2).
   Dex:       It affects your dexterity (-3).
   rF:        It protects you from fire.
   rC:        It makes you vulnerable to cold.
   rElec:     It insulates you from electricity.
 y - the ring "Sautecs" {rN+ Will+ Str+6 Int-2 Stlth+}
   (You found it on level 5 of the Pits of Slime)

   [ring of strength]

   Str:       It affects your strength (+6).
   Int:       It affects your intelligence (-2).
   rN:        It protects you from negative energy.
   Will:      It increases your willpower.
   Stlth:     It makes you more stealthy.
 Q - a +4 ring of slaying (right hand)
 S - the amulet of Noampoun (around neck) {rN+ Regen+ Dex-4 Slay+3 SInv}
   (You bought it in a shop on level 1 of the Elven Halls)

   [amulet of regeneration]

   Dex:       It affects your dexterity (-4).
   Slay:      It affects your accuracy & damage with ranged weapons and melee
   (+3).
   rN:        It protects you from negative energy.
   SInv:      It lets you see invisible.
   Regen:     It increases your rate of health regeneration.
 W - a +4 ring of slaying (left hand)
 X - the amulet of the Air {Inacc Air Fly rElec RMsl}
   (You took it off a spriggan rider on level 4 of the Lair of Beasts)

   [amulet of nothing]

   rElec:     It insulates you from electricity.
   Fly:       It grants you flight.
   RMsl:      It protects you from missiles.
Wands
 x - a wand of iceblast (72)
 C - a wand of digging (17)
 D - a wand of mindburst (29)
 L - a wand of acid (53)
Scrolls
 e - 6 scrolls of brand weapon
 g - 7 scrolls of silence
 i - 3 scrolls of enchant armour
 k - 8 scrolls of teleportation
 l - 6 scrolls of summoning
 m - a scroll of immolation
 s - 5 scrolls of enchant weapon
 z - 10 scrolls of amnesia
 H - 11 scrolls of magic mapping
 J - 25 scrolls of identify
 K - 7 scrolls of fog
 P - 8 scrolls of fear
 R - 5 scrolls of blinking
 T - 6 scrolls of holy word
Potions
 b - 4 potions of heal wounds
 h - 8 potions of lignification
 o - 14 potions of haste
 q - 3 potions of resistance
 r - 2 potions of might
 v - 2 potions of mutation
 w - 3 potions of cancellation
 A - 17 potions of curing
 B - 6 potions of ambrosia
 E - 5 potions of brilliance
 F - a potion of flight
 M - 8 potions of berserk rage
 V - 4 potions of invisibility
 Z - 4 potions of magic
Miscellaneous
 c - a tin of tremorstones (2/2)
 f - a condenser vane
 j - a phantom mirror
 G - a phial of floods


   Skills:
 + Level 24.8 Fighting
 - Level 18.0 Maces & Flails
 + Level 22.9 Dodging
 - Level 1.7 Stealth
 - Level 15.0 Shields
 - Level 2.0 Spellcasting
 - Level 1.0 Conjurations
 + Level 23.1 Necromancy
 - Level 5.1 Fire Magic


You had 7 spell levels left.
You knew the following spells:

 Your Spells              Type           Power      Damage    Failure   Level
a - Pain                  Necr           100%       1d9       0%          1
b - Vampiric Draining     Necr           37%        2d11      0%          3
c - Foxfire               Conj/Fire      52%        2x1d6     4%          1
d - Infestation           Necr           37%        N/A       9%          8
e - Death Channel         Necr           37%        N/A       1%          6
h - Animate Dead          Necr           37%        N/A       0%          4

Your spell library contained the following spells:

 Spells                   Type           Power      Damage    Failure   Level
 Animate Skeleton         Necr           100%       N/A       0%          1
 Sublimation of Blood     Necr           37%        N/A       0%          2
 Agony                    Necr           74%        N/A       1%          5
 Borgnjor's Vile Clutch   Necr/Erth      22%        N/A       4%          5
 Magic Dart               Conj           20%        1d4       11%         1
 Conjure Flame            Conj/Fire      13%        6-21      14%         3
 Apportation              Tloc           2%         N/A       17%         1
 Corona                   Hex            1%         N/A       17%         1
 Sandblast                Erth           2%         2d4       17%         1
 Sting                    Tmut/Pois      4%         1d3       17%         1
 Summon Small Mammal      Summ           4%         N/A       17%         1
 Searing Ray              Conj           10%        3d3       17%         2
 Inner Flame              Hex/Fire       11%        N/A       17%         3
 Simulacrum               Ice/Necr       22%        N/A       22%         6
 Blink                    Tloc           N/A        N/A       26%         2
 Call Imp                 Summ           1%         N/A       26%         2
 Ensorcelled Hibernation  Hex/Ice        2%         N/A       26%         2
 Passwall                 Tmut/Erth      0%         N/A       26%         2
 Poisonous Vapours        Pois/Air       2%         N/A       26%         2
 Slow                     Hex            1%         N/A       26%         2
 Ignite Poison            Fire/Tmut/Pois 8%         N/A       26%         3
 Dazzling Flash           Conj/Hex       6%         N/A       38%         3
 Stone Arrow              Conj/Erth      6%         3d7       38%         3
 Mephitic Cloud           Conj/Pois/Air  3%         N/A       41%         3
 Sticky Flame             Conj/Fire      13%        2d4       43%         4
 Call Canine Familiar     Summ           1%         N/A       45%         3
 Confusing Touch          Hex            1%         N/A       45%         3
 Gell's Gravitas          Tloc           0%         N/A       45%         3
 Portal Projectile        Hex/Tloc       2%         N/A       45%         3
 Summon Guardian Golem    Hex/Summ       1%         N/A       45%         3
 Swiftness                Air            1%         N/A       45%         3
 Tukima's Dance           Hex            1%         N/A       45%         3
 Haunt                    Necr/Summ      22%        N/A       77%         7
 Fireball                 Conj/Fire      6%         3d5       78%         5
 Fulminant Prism          Conj/Hex       1%         3d6       80%         4
 Iskenderun's Mystic Bla  Conj/Tloc      3%         2d3       80%         4
 Cause Fear               Hex            0%         N/A       86%         4
 Ice Form                 Ice/Tmut       1%         N/A       86%         4
 Leda's Liquefaction      Hex/Erth       0%         N/A       86%         4
 Olgreb's Toxic Radiance  Pois           1%         N/A       86%         4
 Passage of Golubria      Tloc           N/A        N/A       86%         4
 Petrify                  Tmut/Erth      1%         N/A       86%         4
 Summon Ice Beast         Ice/Summ       1%         N/A       86%         4
 Summon Lightning Spire   Summ/Air       1%         N/A       86%         4
 Bolt of Magma            Conj/Fire/Erth 4%         4d5       90%         5
 Iskenderun's Battlesphe  Conj           5%         2d6       97%         5
 Irradiate                Conj/Tmut      1%         3d14      98%         5
 Alistair's Intoxication  Tmut/Pois      0%         N/A       99%         5
 Freezing Cloud           Conj/Ice/Air   1%         6-21      99%         5
 Lee's Rapid Deconstruct  Erth           0%         3d5*      99%         5
 Manifold Assault         Tloc           1%         N/A       99%         5
 Metabolic Englaciation   Hex/Ice        0%         N/A       99%         5
 Silence                  Hex/Air        0%         N/A       99%         5
 Yara's Violent Unravell  Hex/Tmut       0%         3d3       99%         5
 Dispersal                Tloc           0%         N/A       100%        6
 Eringya's Noxious Bog    Tmut/Pois      0%         N/A       100%        6
 Invisibility             Hex            0%         N/A       100%        6
 Iron Shot                Conj/Erth      1%         9d1       100%        6
 Shadow Creatures         Summ           N/A        N/A       100%        6
 Statue Form              Tmut/Erth      0%         N/A       100%        6
 Dragon Form              Tmut           0%         N/A       100%        7
 Malign Gateway           Summ/Tloc      0%         N/A       100%        7
 Monstrous Menagerie      Summ           0%         N/A       100%        7
 Orb of Destruction       Conj           2%         9d1       100%        7
 Ozocubu's Refrigeration  Ice            0%         4d5       100%        7
 Spellforged Servitor     Conj/Summ      1%         N/A       100%        7
 Borgnjor's Revivificati  Necr           37%        N/A       9%          8
 Death's Door             Necr           37%        N/A       77%         9
 Discord                  Hex            0%         N/A       100%        8
 Disjunction              Tloc           0%         N/A       100%        8
 Necromutation            Tmut/Necr      22%        N/A       100%        8
 Summon Horrible Things   Summ           0%         N/A       100%        8
 Dragon's Call            Summ           0%         N/A       100%        9
 Shatter                  Erth           0%         3d5*      100%        9
 Animate Armour           Summ/Erth      Unusable   N/A       N/A         4

Dungeon Overview and Level Annotations

Branches:
Dungeon (15/15)            Temple (1/1) D:6            Lair (6/6) D:8
  Swamp (4/4) Lair:3       Spider (4/4) Lair:3        Slime (5/5) Lair:6
    Orc (2/2) D:10            Elf (3/3) Orc:2        Vaults (5/5) D:13
  Crypt (0/3) Vaults:2     Depths (5/5) D:15            Zot (0/5) Depths:5
 WizLab (visited)

Altars:
Ashenzari
Cheibriados
Dithmenos
Elyvilon
Fedhas
Gozag
Hepliaklqana
Kikubaaqudgha
Makhleb
Nemelex Xobeh
Okawaru
Qazlal
Ru
Sif Muna
Trog
Uskayaw
Vehumet
Wu Jian
Xom
Yredelemnul
Zin
The Shining One
Beogh
Jiyva

Shops:
D:9 :*   D:12 ?   Orc:2 [[[:   Elf:1 =:=(   Vaults:1 :   Vaults:2 (=[(:
Vaults:3 [   Vaults:4 *   Depths:2 (

Portals:
Hell: Depths:2 Depths:3 Depths:4 Depths:5
Abyss: Depths:4
Pandemonium: Depths:3 Depths:4 Depths:5

Annotations:
D:10 2 transporters, bmj180's ghost, novice DECj
Elf:1 6 runed translucent doors
Depths:4 1 runed translucent door
Zig:4 Gruesome's ghost, legendary OpBr


Innate Abilities, Weirdness & Mutations

Your dull iron-grey scales are very hard. (AC +18)
You are amphibious.
You cannot fit into any form of body armour.
You are cold-blooded and may be slowed by cold attacks.
You have sharp fingernails.
You have sharp toenails.
You are somewhat resistant to further mutation.
You are robust. (+10% HP)
You are weak. (Str -2)


Message History

You feel more protected from fire.
The fire vortex dissipates!
Gruesome's ghost casts a spell at you.
A raging storm of fire appears!
The great blast of fire engulfs you!!! You partially resist.
* * * LOW HITPOINT WARNING * * *
You hear a sizzling sound!
The great blast of fire engulfs Gruesome's ghost!!
Gruesome's ghost partially resists.
You hear a sizzling sound! x2 3 fire vortices come into view.
You completely miss Gruesome's ghost.
Gruesome's ghost is severely damaged.
Gruesome's ghost is struck by lightning.
You block Gruesome's ghost's attack.
You completely miss Gruesome's ghost.
Gruesome's ghost is severely damaged.
You puncture Gruesome's ghost!
Gruesome's ghost is severely damaged.
Gruesome's ghost waves its tentacles in wide circles.
The air twists around and strikes you.
* * * LOW HITPOINT WARNING * * *
You completely miss Gruesome's ghost.
Gruesome's ghost is severely damaged.
You block the fire vortex's attack. You block Gruesome's ghost's attack.
You completely miss Gruesome's ghost.
Gruesome's ghost is severely damaged.
You block Gruesome's ghost's attack.
You completely miss Gruesome's ghost.
Gruesome's ghost is severely damaged.
You completely miss Gruesome's ghost.
Gruesome's ghost is severely damaged.
You block the fire vortex's attack. Gruesome's ghost barely misses you.
You completely miss Gruesome's ghost.
Gruesome's ghost is severely damaged.
Gruesome's ghost mumbles some strange words.
The dungeon rumbles around Gruesome's ghost!
You shudder from the earth-shattering force!!!
You die...
Xom laughs nastily!

▓▓▓ ▓▓▓▓.▓▓▓▓
▓▓.......▓▓
▓.........▓
▓.........▓
▓▓[§=.v....▓▓
▓.?○!..°.∩..▓
▓▓.∩W@v....▓▓
▓.○.☼.....▓
▓...§.○...▓
▓▓.......▓▓
▓▓▓▓.▓▓▓▓ ▓▓▓


You could see 2 fire vortices and Gruesome's ghost (gusty).

Vanquished Creatures
  the Royal Jelly (Slime:5)
  2 dread liches (Depths:5)
  3 ancient liches
  Mennas (Depths:5)
  A juggernaut (Depths:5)
  Bai Suzhen (Vaults:2)
  the Lernaean hydra (Swamp:4)
  Saint Roka (Depths:1)
  A curse toe (Zig:4)
  3 caustic shrikes (Depths:3)
  Jory (Depths:5)
  3 golden dragons
  A bone dragon (Depths:5)
  The ghost of Nybbakke the Tortoise, an adept MiFi of Gozag (Vaults:1)
  2 Tzitzimimeh (Depths:2)
  3 tentacled monstrosities
  9 liches
  Jorgrun (Elf:2)
  3 deep elf master archers
  2 deep elf blademasters (Elf:3)
  8 titans
  Asterion (Depths:1)
  6 quicksilver dragons
  Gastronok (Lair:2)
  15 acid blobs
  5 sphinxes
  8 tengu reavers
  A thorn hunter (Swamp:4)
  Frances (Spider:2)
  Kirke (Lair:4)
  6 shadow dragons
  3 storm dragons
  8 rockslimes
  7 azure jellies
  2 fenstrider witches
  10 fire giants
  7 deep elf sorcerers
  3 iron dragons
  3 orc warlords
  25 vault wardens
  A draconian knight (Depths:5)
  6 ghost moths
  A draconian stormcaller (Depths:5)
  3 deep elf elementalists (Elf:3)
  A balrug (Depths:2)
  6 frost giants
  6 emperor scorpions
  2 spriggan defenders
  18 very ugly things
  19 ironbound preservers
  19 stone giants
  A reaper (Depths:5)
  12 quicksilver oozes
  2 caustic shrike skeletons (Depths:3)
  7 war gargoyles
  The ghost of Som Pofo the Severer, a journeyman DDGl of Makhleb (Lair:4)
  Nessos (Orc:2)
  12 deep elf demonologists
  3 bunyips
  A white draconian (Depths:5)
  A purple draconian (Depths:5)
  5 entropy weavers
  5 deep elf annihilators
  A red draconian (Depths:5)
  2 spark wasps (Spider:4)
  3 yellow draconians (Depths:5)
  6 dire elephants
  6 deep elf death magi
  14 ettins
  4 eleionomae
  Snorg (Lair:3)
  6 deep elf high priests
  An orange crystal statue (WizLab)
  The ghost of Shym the Fighter, a journeyman MiBe of Trog (D:12)
  13 fire dragons
  41 vault guards
  13 yaktaur captains
  A rakshasa (Depths:4)
  The ghost of MirrMurr the Unseen, a journeyman SpEn of Okawaru (Lair:6)
  7 jiangshi
  9 ironbound thunderhulks
  24 hydras
  A spriggan air mage (Depths:5)
  4 ice dragons
  2 ghost crabs
  16 great orbs of eyes
  A boulder beetle (shapeshifter) (Vaults:5)
  2 peacekeepers
  2 ogre magi (Vaults:5)
  5 boulder beetles
  A monstrous demonspawn (Depths:5)
  11 centaur warriors
  9 ironbound frosthearts
  A death knight (D:15)
  2 catoblepae
  28 dancing weapons
  14 two-headed ogres
  10 deep troll shamans
  5 death yaks (Lair:2)
  9 alligators
  5 deep troll earth magi
  5 ironbound beastmasters
  9 spriggan berserkers
  7 vampire magi
  A soul eater (Depths:5)
  13 tengu warriors
  Nergalle (Lair:3)
  6 orc high priests
  15 hell knights
  17 deep elf knights
  2 sun demons
  9 skeletal warriors
  Sonja (D:12)
  8 iron trolls
  A shadow wraith (Vaults:5)
  A spectral catoblepas (Lair:6)
  A salamander mystic (Depths:2)
  A fire crab (Lair:6)
  A sea snake (shapeshifter) (Vaults:5)
  2 spark wasp zombies (Depths:3)
  A death drake (Swamp:3)
  6 goliath frogs
  8 spriggan druids
  58 deep trolls
  A bog body (Swamp:4)
  7 glowing orange brains
  11 swamp dragons
  2 phantasmal warriors
  5 flayed ghosts
  21 deep elf zephyrmancers
  16 deep elf archers
  11 necromancers
  4 lindwurms
  13 wizards
  7 mana vipers (Depths:4)
  12 harpies
  An orb spider (shapeshifter) (D:14)
  24 wolf spiders
  15 orb spiders
  20 orc knights
  21 ironbound convokers
  75 ugly things
  2 spectral boulder beetles (Lair:6)
  3 human zombies
  A fire giant zombie (Vaults:3)
  2 shining eyes
  41 deep elf pyromancers
  8 orc sorcerers
  2 tengu skeletons
  A cyclops (shapeshifter) (Depths:5)
  3 cyclopes
  3 will-o-the-wisps
  2 salamanders (Depths:2)
  A manticore (shapeshifter) (Vaults:5)
  A moth of wrath (shapeshifter) (Depths:3)
  2 manticores
  A stone giant zombie (Vaults:1)
  3 moths of wrath
  8 elephants
  An elephant (shapeshifter) (D:13)
  2 human skeletons (Vaults:3)
  2 naga magi (Vaults:4)
  A guardian serpent (shapeshifter) (Elf:3)
  A frost giant skeleton (Vaults:3)
  6 black mambas
  22 vault sentinels
  A water nymph (shapeshifter) (D:14)
  2 centaur zombies
  3 torpor snails
  A smoke demon (Depths:2)
  A rust devil (Depths:5)
  Joseph (D:8)
  2 gargoyles
  13 cane toads
  A cane toad (shapeshifter) (D:15)
  2 molten gargoyles (Lair:6)
  An unseen horror (D:13)
  2 eyes of devastation (Slime:3)
  An eye of devastation (shapeshifter) (Elf:2)
  A yaktaur (shapeshifter) (Depths:3)
  3 rime drakes
  6 demonic crawlers
  3 freezing wraiths
  6 komodo dragons
  A komodo dragon (shapeshifter) (Depths:5)
  8 tengu conjurers
  24 yaktaurs
  A yaktaur skeleton (Vaults:1)
  3 trolls
  37 jumping spiders
  A merfolk (shapeshifter) (Depths:3)
  A blink frog (shapeshifter) (Elf:1)
  2 polar bears (Lair:6)
  17 hornets
  8 blink frogs (Lair:5)
  7 dream sheep (Lair:5)
  10 tyrant leeches
  77 slime creatures
  An elf zombie (Vaults:2)
  A spriggan (shapeshifter) (Vaults:5)
  3 air elementals
  A shadow (D:13)
  9 water elementals
  A redback (shapeshifter) (Vaults:5)
  14 spriggans
  A vampire (D:10)
  6 wyverns
  2 tarantellas (shapeshifter)
  79 redbacks
  17 tarantellas
  A wraith (D:11)
  57 yaks
  6 basilisks
  A hog (shapeshifter) (Depths:3)
  6 hogs (Lair:4)
  6 golden eyes (Slime:3)
  A human (D:13)
  4 fire bats (D:12)
  8 fire elementals
  13 vampire mosquitoes
  2 steam dragons
  A redback simulacrum (D:12)
  A death yak simulacrum (Lair:6)
  An elf simulacrum (Vaults:1)
  5 wargs
  15 swamp worms
  Edmund (D:4)
  6 hell hounds
  2 acid dragons (D:10)
  An acid dragon (shapeshifter) (Elf:2)
  A floating eye (Depths:2)
  16 water moccasins
  A hydra simulacrum (Lair:6)
  3 ice beasts
  2 sky beasts
  4 swamp drakes (Swamp:4)
  An ettin simulacrum (Vaults:2)
  4 black bears
  21 ogres
  52 orc warriors
  8 wolves
  13 centaurs
  A kobold brigand (D:6)
  14 bullfrogs
  2 gnoll sergeants (D:9)
  A scorpion (D:5)
  2 earth elementals (Elf:2)
  3 wyvern zombies
  A wyvern skeleton (D:7)
  16 killer bees
  2 water moccasin skeletons
  8 wights (D:10)
  5 electric eels
  4 howler monkeys
  7 lava snakes
  2 hounds
  32 orc priests
  A centaur skeleton (D:5)
  2 gnoll shamans
  6 iguanas
  Jessica (D:3)
  A bullfrog skeleton (D:5)
  21 orc wizards
  A hell rat (Lair:5)
  A hound zombie (D:5)
  Robin (D:4)
  A howler monkey skeleton (D:7)
  9 adders
  22 gnolls
  4 river rats (D:4)
  A white imp (D:5)
  An adder skeleton (D:4)
  7 worms
  3 dart slugs
  115 orcs
  9 endoplasms
  A giant cockroach (D:4)
  6 hobgoblins
  12 jackals
  A quokka (D:3)
  6 ball pythons
  5 bats
  A frilled lizard (D:3)
  18 goblins
  8 kobolds
  A quokka skeleton (D:4)
  6 rats
  A briar patch (Swamp:4)
  4 fire vortices
  A foxfire (D:13)
2160 creatures vanquished.

Vanquished Creatures (collateral kills)
  A deep troll (Vaults:3)
  A wolf spider (Spider:4)
  Grinder (D:4)
  2 jumping spiders (Spider:4)
  2 water elementals (Depths:1)
  2 killer bees (D:6)
9 creatures vanquished.

Vanquished Creatures (others)
  A fire giant (Depths:2)
  A stone giant (Vaults:5)
  A vampire knight (Depths:3)
  An entropy weaver (Spider:4)
  A deep elf annihilator (Depths:5)
  A deep troll earth mage (Depths:1)
  2 soul eaters (Zig:4)
  A spriggan druid (Swamp:1)
  An ugly thing (Depths:1)
  A deep elf pyromancer (Elf:1)
  A jumping spider (Spider:3)
  3 bloated husks
  A dream sheep (shapeshifter) (Vaults:5)
  2 water elementals (Elf:1)
  2 vampire mosquitoes (Swamp:2)
  A black bear (D:8)
  A scorpion (D:8)
  2 orcs
  2 briar patches (Swamp:4)
  A fire vortex (Zig:4)
  226 foxfires
  74 fungi
  53 plants
380 creatures vanquished.

Grand Total: 2549 creatures vanquished

Notes
Turn   | Place    | Note
-------+----------+-------------------------------------------
     0 | D:1      | Lanoc the Draconian Fire Elementalist began the quest for
                  | the Orb.
     0 | D:1      | Reached XP level 1. HP: 14/14 MP: 3/3
   415 | D:1      | Reached XP level 2. HP: 19/20 MP: 0/5
  1117 | D:2      | Found a faded altar of an unknown god.
  1176 | D:2      | Became a worshipper of Xom of Ineffable Intent
  1260 | D:2      | Reached XP level 3. HP: 26/26 MP: 2/6
  1851 | D:2      | XOM: silly message
  2653 | D:3      | Reached XP level 4. HP: 31/33 MP: 2/7
  2968 | D:3      | Noticed Jessica
  2972 | D:3      | Killed Jessica
  3002 | D:3      | XOM: scenery: create altars
  3150 | D:4      | XOM: divination: detect items
  3213 | D:4      | Found the +7 sceptre of Torment {pain, torment}
  3231 | D:4      | Reached skill level 5 in Fire Magic
  3235 | D:4      | Reached XP level 5. HP: 15/38 MP: 1/8
  3485 | D:4      | Noticed Robin
  3493 | D:4      | Noticed Grinder
  3494 | D:5      | Entered Level 5 of the Dungeon
  3832 | D:5      | Reached skill level 1 in Fighting
  3832 | D:5      | Reached skill level 1 in Maces & Flails
  3837 | D:5      | XOM: potion effect (might)
  3843 | D:5      | Reached skill level 1 in Necromancy
  3843 | D:5      | Reached XP level 6. HP: 33/47 MP: 4/9
  3911 | D:5      | XOM: silly message
  4042 | D:5      | Noticed a sky beast
  4054 | D:5      | XOM: silly message
  4060 | D:5      | Killed a sky beast
  4144 | D:5      | XOM is BORED!
  4169 | D:5      | XOM: noise
  4310 | D:5      | You fall into a shaft and drop 3 floors!
  4310 | D:8      | Found a staircase to the Lair.
  4310 | D:8      | Noticed a water moccasin
  4312 | D:8      | Noticed a water moccasin
  4313 | D:8      | XOM: cast spell 'Leda's Liquefaction'
  4320 | D:8      | Noticed a water moccasin
  4340 | D:8      | Killed a water moccasin
  4341 | D:8      | Reached skill level 2 in Fighting
  4341 | D:8      | Your scales start taking on a dull iron-grey colour.
  4341 | D:8      | Reached XP level 7. HP: 49/55 MP: 10/10
  4356 | D:8      | Reached skill level 3 in Fighting
  4356 | D:8      | XOM: destruction
  4359 | D:8      | XOM: divination: magic mapping
  4362 | D:8      | Reached XP level 8. HP: 19/63 MP: 11/11
  4368 | D:8      | Reached skill level 5 in Maces & Flails
  4476 | D:8      | XOM: 1-stop teleportation journey
  4522 | D:8      | XOM: scenery: create altars
  4604 | D:8      | XOM: cleaving
  4616 | D:8      | Reached skill level 4 in Fighting
  4617 | D:8      | XOM: blink monster(s)
  4635 | D:8      | Reached skill level 5 in Dodging
  4856 | D:8      | XOM: 1-stop teleportation journey
  4869 | D:8      | Noticed Joseph
  4869 | D:8      | XOM: divination: detect items
  4878 | D:8      | XOM: butterfly on damage
  4882 | D:8      | Killed Joseph
  4883 | D:8      | Reached skill level 5 in Fighting
  4883 | D:8      | Reached XP level 9. HP: 46/74 MP: 12/12
  4903 | D:8      | HP: 3/74 [poisoned by a killer bee]
  4908 | D:8      | HP: 3/74 [bat (1)]
  5060 | D:8      | XOM: give mutations
  5060 | D:8      | Gained mutation: You are weak. (Str -2) [Xom's mischief]
  5060 | D:8      | Gained mutation: Your tail ends in a poisonous barb. [Xom's
                  | mischief]
  5314 | D:7      | Learned a level 1 spell: Pain
  5318 | D:7      | Learned a level 3 spell: Vampiric Draining
  5323 | D:7      | Learned a level 4 spell: Animate Dead
  5557 | D:7      | Reached skill level 5 in Necromancy
  5986 | D:5      | Noticed a two-headed ogre
  5990 | D:5      | XOM: potion effect (invisibility)
  5999 | D:5      | Reached skill level 6 in Fighting
  6001 | D:5      | XOM: confuse monster(s)
  6004 | D:5      | Killed a two-headed ogre
  6369 | D:4      | Killed Robin
  6370 | D:4      | Reached XP level 10. HP: 57/84 MP: 13/13
  6458 | D:4      | XOM: stat loss: -1 Int (16/17)
  6533 | D:4      | Noticed Edmund
  6542 | D:4      | XOM: silly message
  6547 | D:4      | Killed Edmund
  6577 | D:4      | XOM: silly message
  6605 | D:4      | XOM: 3-stop teleportation journey
  6606 | D:4      | XOM: cast spell 'Summon Hydra'
  6609 | D:4      | Killed Grinder
  7122 | D:6      | XOM: summons 9 friendly demons
  7145 | D:6      | XOM: summons 3 friendly demons
  7452 | D:6      | Found a staircase to the Ecumenical Temple.
  7471 | D:6      | XOM: give mutations
  7471 | D:6      | Gained mutation: Your mind is acute. (Int +2) [Xom's grace]
  7471 | D:6      | Gained mutation: You are robust. (+10% HP) [Xom's grace]
  7471 | D:6      | Gained mutation: You have sharp fingernails. [Xom's grace]
  7471 | D:6      | Gained mutation: You are somewhat resistant to further
                  | mutation. [Xom's grace]
  7487 | Temple   | Entered the Ecumenical Temple
  7609 | Temple   | Fell from the grace of Xom
  7609 | Temple   | Became a worshipper of Qazlal Stormbringer
  7950 | D:6      | Found a shimmering altar of Xom.
  7956 | D:6      | Found a bloodstained altar of Trog.
  7957 | D:6      | Found a broken altar of Ashenzari.
  7957 | D:6      | Found a blossoming altar of Fedhas.
  7957 | D:6      | Found a glowing golden altar of the Shining One.
  7957 | D:6      | Found a hide-covered altar of Uskayaw.
  7958 | D:6      | Found an opulent altar of Gozag.
  7961 | D:6      | Found an ancient bone altar of Kikubaaqudgha.
  7963 | D:6      | Found a burning altar of Makhleb.
  8066 | D:6      | XOM: stat loss: -1 Dex (12/13)
  8331 | D:7      | Reached skill level 7 in Fighting
  8564 | D:8      | XOM: torment (48/94 hp)
  8870 | D:8      | XOM: stat loss: -1 Str (8/9)
  9268 | D:9      | Noticed a two-headed ogre
  9277 | D:9      | Killed a two-headed ogre
  9447 | D:9      | Reached * piety under Qazlal
  9768 | D:9      | XOM: summons 3 hostile demons
 10043 | D:9      | Reached skill level 10 in Maces & Flails
 10043 | D:9      | Found Jasu's General Store.
 10147 | D:9      | Bought a potion of curing for 33 gold pieces
 10173 | D:9      | Found Yzesof's Book Emporium.
 10430 | D:9      | Identified a scroll of acquirement
 10456 | D:10     | Entered Level 10 of the Dungeon
 10457 | D:10     | Acquired a staff of death
 10477 | D:10     | Noticed bmj180's ghost (novice DECj)
 10479 | D:10     | Noticed a two-headed ogre
 10480 | D:10     | Noticed an eight-headed hydra
 10481 | D:10     | Found a transporter.
 10484 | D:10     | Noticed a boulder beetle
 10494 | D:10     | Killed a boulder beetle
 10495 | D:10     | Reached XP level 11. HP: 59/103 MP: 7/14
 10949 | D:10     | Reached ** piety under Qazlal
 10950 | D:10     | Reached skill level 8 in Fighting
 11029 | D:10     | XOM: stat loss: -3 Str (6/9)
 11245 | D:10     | XOM: god gift: scythe {god gift}
 11298 | D:10     | Noticed a two-headed ogre
 11303 | D:10     | Killed a two-headed ogre
 11381 | D:10     | XOM: stat loss: -1 Str (6/9)
 11476 | D:10     | Noticed a five-headed hydra
 11483 | D:10     | Killed a five-headed hydra
 11646 | D:10     | XOM: give mutation
 11646 | D:10     | Lost mutation: Your tail ends in a poisonous barb. [Xom's
                  | mischief]
 11755 | D:10     | Noticed a six-headed hydra
 11764 | D:10     | Killed a six-headed hydra
 12050 | D:10     | Noticed a skeletal warrior
 12063 | D:10     | Killed a skeletal warrior
 12464 | D:10     | Found a transporter.
 12623 | D:10     | Found a staircase to the Orcish Mines.
 12640 | D:10     | XOM: give mutations
 12640 | D:10     | Gained mutation: You have sharp toenails. [Xom's mischief]
 12640 | D:10     | Lost mutation: Your mind is acute. (Int +2) [Xom's
                  | mischief]
 13121 | D:11     | Noticed a centaur warrior
 13130 | D:11     | Killed a centaur warrior
 13594 | D:11     | Reached skill level 9 in Fighting
 14165 | D:11     | XOM: torment (10/106 hp)
 14725 | D:12     | Noticed a two-headed ogre
 14730 | D:12     | Killed a two-headed ogre
 14886 | D:12     | Reached XP level 12. HP: 114/114 MP: 15/15
 14887 | D:12     | Reached *** piety under Qazlal
 14894 | D:12     | XOM: 2-stop teleportation journey
 14908 | D:12     | Found Esynics's Magic Scroll Shop.
 14962 | D:12     | Bought a scroll of magic mapping for 38 gold pieces
 14962 | D:12     | Bought a scroll of summoning for 104 gold pieces
 14971 | D:12     | Noticed Sonja
 14983 | D:12     | Killed Sonja
 15022 | D:12     | XOM: 2-stop teleportation journey
 15218 | D:12     | XOM: 2-stop teleportation journey
 15270 | D:12     | Found a transporter.
 15270 | D:12     | Noticed Shym's ghost (journeyman MiBe)
 15319 | D:12     | Found a transporter.
 15598 | D:12     | Noticed a two-headed ogre
 15604 | D:12     | Killed a two-headed ogre
 15682 | D:12     | HP: 1/116 [skeletal warrior[a skeletal warrior] (17)]
 15859 | D:12     | XOM: noise
 16133 | D:12     | Reached skill level 10 in Fighting
 16231 | D:12     | Noticed a boulder beetle
 16242 | D:12     | Killed a boulder beetle
 16690 | D:12     | XOM: cloud trail
 16817 | D:13     | XOM: silly message
 16893 | D:13     | Noticed a centaur warrior
 16898 | D:13     | Killed a centaur warrior
 16968 | D:13     | Found a portal to a secret trove of treasure.
 16990 | D:13     | Reached **** piety under Qazlal
 17012 | D:13     | Noticed a vault guard
 17017 | D:13     | Paralysed by an orc sorcerer for 3 turns
 17319 | D:13     | Killed a vault guard
 17320 | D:13     | Reached XP level 13. HP: 120/125 MP: 16/16
 17441 | D:13     | Found a gate to the Vaults.
 17895 | D:13     | XOM: silly message
 18184 | D:13     | XOM: noise
 18204 | D:14     | Reached skill level 10 in Necromancy
 18301 | D:14     | Reached skill level 11 in Fighting
 18632 | D:14     | Reached skill level 10 in Dodging
 18887 | D:14     | Found a blossoming altar of Fedhas.
 18985 | D:15     | Entered Level 15 of the Dungeon
 20033 | D:15     | XOM: noise
 20703 | D:15     | Reached XP level 14. HP: 75/137 MP: 17/17
 20898 | D:15     | Found a hide-covered altar of Uskayaw.
 21045 | D:15     | Was forgiven by Xom
 21177 | D:15     | Found a staircase to the Depths.
 21178 | D:15     | Noticed a stone giant
 21188 | D:15     | Killed a stone giant
 21330 | Orc:1    | Entered Level 1 of the Orcish Mines
 21590 | Orc:2    | Entered Level 2 of the Orcish Mines
 21683 | Orc:1    | Reached ***** piety under Qazlal
 21688 | Orc:1    | Reached skill level 12 in Fighting
 21730 | Orc:1    | Paralysed by an orc sorcerer for 3 turns
 21737 | Orc:1    | Paralysed by an orc sorcerer for 2 turns
 22153 | Orc:2    | Reached skill level 15 in Maces & Flails
 22471 | Orc:2    | Noticed Nessos
 22475 | Orc:2    | Killed Nessos
 23122 | Orc:2    | Found a staircase to the Elven Halls.
 23188 | Orc:2    | Noticed an orc warlord
 23200 | Orc:2    | Killed an orc warlord
 23274 | Orc:2    | Found Qumyplul's Armour Shop.
 23560 | Orc:2    | Found Pischet's Antique Armour Emporium.
 23608 | Orc:2    | Bought a transparent cloak for 304 gold pieces
 23608 | Orc:2    | Identified the +2 cloak of Red Divine Compulsion {Rampage
                  | *Slow rCorr Slay+5} (You bought it in a shop on level 2 of
                  | the Orcish Mines)
 23655 | Orc:2    | Bought the +2 shield of Resistance {rF++ rC++ Will++} for
                  | 1038 gold pieces
 23655 | Orc:2    | Found the +2 shield of Resistance {rF++ rC++ Will++}
 23731 | Orc:2    | Reached skill level 1 in Shields
 23876 | Orc:2    | Found Cite Yrr's Armour Shoppe.
 23898 | Orc:2    | Found Beseur Oseo's Book Emporium.
 24549 | Lair:1   | Entered Level 1 of the Lair of Beasts
 24652 | Lair:1   | You fall into a shaft and drop 1 floor!
 24710 | Lair:2   | Noticed Gastronok
 24715 | Lair:2   | Killed Gastronok
 24897 | Lair:2   | Reached ****** piety under Qazlal
 24905 | Lair:2   | Reached XP level 15. HP: 119/147 MP: 18/18
 25614 | Lair:3   | Noticed Snorg
 25621 | Lair:3   | Killed Snorg
 25797 | Lair:3   | Found a hole to the Spider Nest.
 25801 | Lair:3   | Noticed Nergalle
 25827 | Lair:3   | Killed Nergalle
 26120 | Lair:3   | You fall into a shaft and drop 1 floor!
 26187 | Lair:4   | Noticed Kirke
 26202 | Lair:4   | Killed Kirke
 26203 | Lair:4   | Reached skill level 5 in Shields
 26662 | Lair:4   | Noticed Som Pofo's ghost (journeyman DDGl)
 26677 | Lair:4   | Found a transporter.
 26678 | Lair:4   | Found a bloodstained altar of Trog.
 26685 | Lair:4   | Found a transporter.
 26977 | Lair:1   | Reached skill level 13 in Fighting
 27870 | Lair:3   | Found a staircase to the Swamp.
 28476 | Lair:4   | Killed Som Pofo's ghost
 29395 | Lair:5   | Acquired the +0 pair of boots "Bamyg" {Fly rCorr}
 29433 | Lair:6   | Entered Level 6 of the Lair of Beasts
 29433 | Lair:6   | Found a runed translucent gate.
 29433 | Lair:6   | Found a runed translucent gate.
 29436 | Lair:6   | Noticed MirrMurr's ghost (journeyman SpEn)
 29569 | Lair:6   | Found a runed translucent gate.
 29677 | Lair:6   | Found a staircase to the Slime Pits.
 29677 | Lair:6   | Found a viscous altar of Jiyva.
 29803 | Lair:6   | Reached XP level 16. HP: 158/158 MP: 19/19
 30005 | Lair:6   | Found a large runed translucent door.
 30005 | Lair:6   | Found a large runed translucent door.
 30580 | Lair:6   | Killed MirrMurr's ghost
 31331 | D:12     | Killed Shym's ghost
 31614 | D:12     | Acquired 738 gold pieces
 31615 | D:12     | Acquired 1161 gold pieces
 31966 | Elf:1    | Entered Level 1 of the Elven Halls
 32185 | Elf:1    | Found Osoxzilaph's Jewellery Boutique.
 32185 | Elf:1    | Found Veset's Book Shoppe.
 32186 | Elf:1    | Found Fisofu's Jewellery Boutique.
 32192 | Elf:1    | Bought the amulet of Noampoun {rN+ Regen+ Dex-4 Slay+3
                  | SInv} for 694 gold pieces
 32269 | Elf:1    | Found Zuplyil's Weapon Emporium.
 32415 | Elf:1    | Identified the +1 flail of Honour {vorpal, rC+ rN+ Int-2}
 32417 | Elf:1    | Noticed a Brimstone Fiend
 32433 | Elf:1    | Found a runed translucent gate.
 32433 | Elf:1    | Found a runed translucent gate.
 32433 | Elf:1    | Found a runed translucent gate.
 32433 | Elf:1    | Found a runed translucent gate.
 32433 | Elf:1    | Found a runed translucent gate.
 32434 | Elf:1    | Found a runed translucent gate.
 32434 | Elf:1    | Noticed a shadow dragon
 32434 | Elf:1    | Noticed a storm dragon
 32559 | Elf:1    | Reached skill level 14 in Fighting
 33308 | Elf:2    | Reached XP level 17. HP: 167/167 MP: 20/20
 33429 | Elf:2    | Reached skill level 10 in Shields
 33471 | Elf:2    | Noticed Jorgrun
 33477 | Elf:2    | Killed Jorgrun
 33580 | Elf:2    | Found a runed translucent gate.
 33580 | Elf:2    | Found a runed translucent gate.
 33581 | Elf:2    | Found a runed translucent gate.
 34295 | Elf:3    | Entered Level 3 of the Elven Halls
 34425 | Elf:3    | Noticed a Hell Sentinel
 34459 | Elf:3    | Paralysed by an air elemental for 1 turns
 34472 | Elf:3    | Noticed a deep elf master archer
 34473 | Elf:3    | Noticed a deep elf master archer
 34480 | Elf:3    | Killed a deep elf master archer
 34482 | Elf:3    | Paralysed by an air elemental for 1 turns
 34485 | Elf:3    | Noticed a deep elf blademaster
 34490 | Elf:3    | Killed a deep elf master archer
 34494 | Elf:3    | Noticed a deep elf blademaster
 34494 | Elf:3    | Identified the +8 dagger "Zebeqof" {speed, rF+ Dex+3
                  | Stlth+}
 34494 | Elf:3    | Identified the ring "Tyetoedd" {*Corrode rElec Will+ Str+6
                  | Int+4}
 34498 | Elf:3    | Killed a deep elf blademaster
 34503 | Elf:3    | Noticed a Tzitzimitl
 34757 | Elf:3    | Identified the +1 steam dragon scales of Qacoskoss {rPois
                  | rN+ Dex+2}
 34763 | Elf:3    | Reached skill level 15 in Fighting
 34763 | Elf:3    | Reached XP level 18. HP: 179/179 MP: 21/21
 34767 | Elf:3    | Identified the +12 long sword of Past Mistakes {venom,
                  | rPois rN+ Will+}
 34781 | Elf:3    | Noticed a Hell Sentinel
 34791 | Elf:3    | Noticed a Hell Sentinel
 35061 | Elf:3    | Identified the +5 scale mail of Optimism {Will+}
 35067 | Elf:3    | Identified the +1 dagger "Sunoegad" {vorpal, Int+4 SInv}
 35430 | Elf:1    | Bought the ring of the Equinox {Fire Drain Fly rPois rN++}
                  | for 604 gold pieces
 35658 | Spider:1 | Entered Level 1 of the Spider Nest
 36565 | Spider:2 | Noticed Frances
 36575 | Spider:2 | Killed Frances
 37358 | Spider:3 | Identified the +0 chain mail "Etuig" {rF+}
 37866 | Spider:4 | Entered Level 4 of the Spider Nest
 38247 | Spider:4 | Reached XP level 19. HP: 189/189 MP: 1/22
 38525 | Spider:4 | Reached skill level 16 in Fighting
 38694 | Spider:4 | Got a gossamer rune of Zot
 39051 | Spider:4 | Reached skill level 15 in Necromancy
 39327 | Swamp:1  | Entered Level 1 of the Swamp
 40322 | Swamp:2  | Identified the +0 pair of boots "Uryox" {Will+ Dex+3}
 40574 | Swamp:3  | Reached skill level 15 in Shields
 41135 | Swamp:4  | Entered Level 4 of the Swamp
 41199 | Swamp:4  | Found a broken altar of Ashenzari.
 41400 | Swamp:4  | Noticed the 27-headed Lernaean hydra
 41406 | Swamp:4  | Killed the 27-headed Lernaean hydra
 41757 | Swamp:4  | Got a decaying rune of Zot
 41819 | Swamp:4  | Reached skill level 17 in Fighting
 42161 | Vaults:1 | Entered Level 1 of the Vaults
 42172 | Vaults:1 | Reached XP level 20. HP: 202/202 MP: 23/23
 42196 | Vaults:1 | Found Ufa Tust's Book Shoppe.
 42214 | Vaults:1 | Reached skill level 15 in Dodging
 42761 | Vaults:1 | Found a large runed translucent door.
 42761 | Vaults:1 | Found a large runed translucent door.
 42761 | Vaults:1 | Noticed Nybbakke's ghost (adept MiFi)
 42822 | Vaults:1 | Killed Nybbakke's ghost
 43800 | Vaults:2 | Found Rumeps's Weapon Shop.
 43891 | Vaults:2 | Reached skill level 18 in Fighting
 43933 | Vaults:2 | Found Qipneaje's Antique Armour Shop.
 44000 | Vaults:2 | Found Weoxui's Jewellery Shop.
 44006 | Vaults:2 | Noticed Bai Suzhen
 44016 | Vaults:2 | Killed Bai Suzhen
 44404 | Vaults:2 | Found Wuaff's Book Emporium.
 44409 | Vaults:2 | Found Wawnum's Weapon Boutique.
 44493 | Vaults:2 | Found a staircase to the Crypt.
 44493 | Vaults:2 | Found an ancient bone altar of Kikubaaqudgha.
 44493 | Vaults:2 | Found a basalt altar of Yredelemnul.
 44589 | Vaults:2 | Reached XP level 21. HP: 214/214 MP: 24/24
 46305 | Vaults:3 | Identified the +0 pair of gloves "Okicuukh" {rN+}
 46369 | Vaults:3 | Found Emiy's Armour Boutique.
 46496 | Vaults:3 | Reached skill level 19 in Fighting
 47234 | Vaults:4 | Reached XP level 22. HP: 226/226 MP: 25/25
 47338 | Vaults:4 | Found Umufep's Assorted Antiques.
 47346 | Vaults:4 | Bought a fuming golden potion for 41 gold pieces
 47787 | Vaults:4 | Identified the +1 arbalest of Coiz {venom, rC+ rCorr}
 47837 | Vaults:4 | Found the +3 hat of Pondering {ponderous, Will+ MP+10
                  | Int+5}
 47847 | Vaults:4 | Found a radiant altar of Vehumet.
 47863 | Vaults:4 | Identified the +0 hat of Levity {rElec Int+5}
 47876 | Vaults:4 | Identified the +0 hat "Hitziwn" {rF+}
 48079 | Vaults:5 | Entered Level 5 of the Vaults
 48084 | Vaults:5 | Reached skill level 20 in Fighting
 48085 | Vaults:5 | Noticed a golden dragon
 48098 | Vaults:5 | Killed a golden dragon
 48124 | Vaults:5 | Identified the +7 quarterstaff "Lohygim" {elec, rElec}
 48432 | Vaults:5 | Reached XP level 23. HP: 55/239 MP: 26/26
 48432 | Vaults:5 | HP: 3/239 [titan/the air (22)]
 48793 | Vaults:5 | Reached skill level 21 in Fighting
 48853 | Vaults:5 | Noticed an ancient lich
 48857 | Vaults:5 | Identified the +10 flail of Radicalism {antimagic, rElec
                  | Str+4}
 48907 | Vaults:4 | Killed an ancient lich
 49053 | Vaults:5 | Got a silver rune of Zot
 49758 | Vaults:5 | Acquired 1114 gold pieces
 50334 | Slime:1  | Entered Level 1 of the Pits of Slime
 50630 | Slime:5  | Entered Level 5 of the Pits of Slime
 50724 | Slime:5  | Noticed the Royal Jelly
 50814 | Slime:5  | Killed the Royal Jelly
 50920 | Slime:5  | Identified the Incunabulum of the Compass
 50929 | Slime:5  | Identified the ring "Sautecs" {rN+ Will+ Str+6 Int-2
                  | Stlth+}
 50938 | Slime:5  | Got a slimy rune of Zot
 50943 | Slime:5  | Identified the +5 short sword of Prudence {pain, rElec
                  | Int+9}
 50971 | Slime:5  | Reached XP level 24. HP: 231/254 MP: 26/26
 50984 | Slime:5  | Identified the +8 scythe "Lanoc's Doom" {vamp, rC+ rN+
                  | Int+4}
 50985 | Slime:5  | Identified the +6 great sword "Pugyon" {elec, +Rage}
 51353 | Slime:5  | Learned a level 8 spell: Infestation
 51823 | Depths:1 | Entered Level 1 of the Depths
 51859 | Depths:1 | Reached skill level 22 in Fighting
 51896 | Depths:1 | Noticed Saint Roka
 51912 | Depths:1 | Killed Saint Roka
 51941 | Depths:1 | Noticed Asterion
 52072 | D:13     | You paid a toll of +3 shadow dragon scales to enter a
                  | treasure trove
 52073 | Trove    | Entered a treasure trove
 52076 | Trove    | Found the +3 pair of seven-league boots {Rampage+∞}
 52079 | Trove    | Identified the +0 buckler "Suihal" {rPois}
 52086 | Trove    | Identified the +0 pair of boots of Gluttony {rN+}
 52087 | Trove    | Identified the +1 hat of Madaurch {rElec rC- rN+ Str+3}
 52088 | Trove    | Identified the +4 pair of gloves of Lepaf {*Corrode Fly rN+
                  | Str+6}
 52206 | Depths:1 | Killed Asterion
 52304 | Depths:1 | You fall into a shaft and drop 1 floor!
 52337 | Depths:2 | Paralysed by a floating eye for 4 turns
 52345 | Depths:2 | Found a magical portal.
 52354 | WizLab   | Entered Wucad Mu's Monastery
 52703 | WizLab   | Found the +9 staff of Wucad Mu {*channel}
 52747 | WizLab   | Reached XP level 25. HP: 264/264 MP: 26/26
 53284 | Depths:2 | Found Seqiz's Weapon Shoppe.
 53627 | Depths:2 | Found a gateway to Hell.
 53766 | Depths:3 | Found a one-way gate leading to the halls of Pandemonium.
 53810 | Depths:3 | Reached skill level 23 in Fighting
 53946 | Depths:3 | Identified the ring of the King {Fire rElec Str+10 Int+2
                  | Dex-3}
 53962 | Depths:3 | Noticed an ancient lich
 53973 | Depths:3 | Killed an ancient lich
 53974 | Depths:3 | Reached XP level 26. HP: 276/276 MP: 26/26
 54220 | Depths:3 | Noticed an ancient lich
 54249 | Depths:3 | You fall into a shaft and drop 2 floors!
 54249 | Depths:5 | Entered Level 5 of the Depths
 54250 | Depths:5 | Noticed Mennas
 54342 | Depths:5 | Killed Mennas
 54557 | Depths:5 | Noticed a dread lich
 54559 | Depths:5 | Found a gateway to a ziggurat.
 54561 | Depths:5 | Noticed Jory
 54561 | Depths:5 | Noticed a dread lich
 54565 | Depths:5 | Killed a dread lich
 54576 | Depths:5 | Killed a dread lich
 54602 | Depths:5 | Killed Jory
 54804 | Depths:5 | Noticed a juggernaut
 54815 | Depths:5 | Killed a juggernaut
 55262 | Depths:5 | Reached skill level 24 in Fighting
 55531 | Depths:5 | Identified the ring of Esisuna {rElec rF- MP-9 Dex+6 SInv}
 55708 | Depths:5 | Found a gate to the Realm of Zot.
 56297 | Depths:4 | Found a one-way gate to the infinite horrors of the Abyss.
 56427 | Depths:4 | Reached XP level 27. HP: 219/290 MP: 26/26
 56565 | Depths:4 | Found a runed translucent door.
 56613 | Depths:4 | Found a runed translucent door.
 56801 | Depths:4 | Identified the ring of Peace {Wiz +Blink}
 57145 | Depths:3 | Learned a level 6 spell: Death Channel
 57169 | Depths:3 | Killed an ancient lich
 57406 | Zig:1    | Entered Level 1 of a ziggurat
 57429 | Zig:2    | Entered Level 2 of a ziggurat
 57450 | Zig:3    | Entered Level 3 of a ziggurat
 57475 | Zig:4    | Entered Level 4 of a ziggurat
 57475 | Zig:4    | Noticed Gruesome's ghost (legendary OpBr)
 57516 | Zig:4    | Killed from afar by Gruesome's ghost

Illustrated notes

Levels and vault maps discovered:
D:1:      lemuel_arrival_cross, layout_basic, minmay_unequal
D:2:      layout_loops_ring, shapermc_ecumenical_altar_notcrosses
D:3:      layout_loops_ring, uniq_jessica
D:4:      minmay_general_purpose_star, layout_rooms, lightli_sewer_entry_pipes,
          uniq_grinder, uniq_edmund, uniq_robin
D:5:      layout_basic
D:6:      layout_cave_pods, minitemple, minmay_temple_entry_poolview
D:7:      layout_rooms
D:8:      layout_rooms, due_lair_maze_entry_diamond, minmay_sticks_and_stones
D:9:      layout_big_octagon, serial_gnoll_camp, gnoll_camp_huts_basic,
          gnoll_camp_mini_shop, gnoll_camp_mini_shop, gnoll_camp_mini_loothouse
D:10:     layout_stronghold, orc_0_dummy, gammafunk_ghost_arena, st_stairs_1,
          wad_mini_maze
D:11:     layout_gridville, minmay_microvault
D:12:     layout_roguey, gammafunk_ghost_mausoleum, serial_shops,
          nicolae_shop_stone, drop_trap, hangedman_incinerator, uniq_sonja
D:13:     layout_rooms, grunt_vaults_entry_fortified, enter_trove_1,
          unseen_surprise_small
D:14:     layout_cave_pools, fedhas_altar_fruit_tree
D:15:     grunt_enter_depths_snipers, layout_long_grid, nicolae_uskayaw_suspiria
Temple:   dshaligram_water_room_temple
Lair:1:   layout_chaotic_city, hibernation_bobbens
Lair:2:   layout_roguey, uniq_gastronok
Lair:3:   layout_gridlike, palyth_hydra_swamp_entry, spider_nest_entry_a,
          uniq_snorg, uniq_nergalle
Lair:4:   layout_gridlike, gammafunk_ghost_wrathful_warriors, uniq_kirke
Lair:5:   layout_regular_city, kennysheep_catoblepas_arena
Lair:6:   cheibrodos_lair_end_hotspot, layout_loops_ring, slime_altar_1,
          gammafunk_ghost_necromancy
Swamp:1:  layout_basic_swamp, hangedman_swamp_cone
Swamp:2:  layout_basic_swamp, evilmike_swamp_ruin_house_4
Swamp:3:  layout_basic_swamp, nicolae_swamp_bean_lake,
          infiniplex_staircase_pool_2
Swamp:4:  swamp_old_school, layout_basic_swamp, lemuel_altar_in_water
Spider:1: layout_spider_delve
Spider:2: layout_chambers, guppyfry_spider_mini_1, uniq_frances
Spider:3: layout_spider_delve
Spider:4: spider_rune_water
Slime:1:  layout_caves, cheibrodos_slime_lost_civilization_4
Slime:2:  cheibrodos_slime_lost_civilization_3, layout_caves
Slime:3:  layout_caves
Slime:4:  layout_caves
Slime:5
Orc:1:    layout_caves
Orc:2:    pubby_orc_utopia, uniq_nessos
Elf:1:    elf_arrival_002, layout_geoelf_diagonals, serial_shops,
          nicolae_diamond_shop, orc_legates, minmay_shop_grove
Elf:2:    layout_geoelf_grid, uniq_jorgrun
Elf:3:    grunt_elf_hall_diamonds, layout_geoelf_diagonals
Vaults:1: advil_vaults_ghost_guards, nicolae_vaults_twisting_passages,
          nicolae_vaults_network_s, vaults_room_stairs_pillars, v_misc_19,
          v_alt_pattern_2, hangedman_vaults_nails,
          vaults_standard_mumra_enter_the_diamond, ontoclasm_vaults_spin,
          ontoclasm_vaults_gateway, vaults_room_stairs_pillars,
          vaults_dpeg_hooks, layout_vaults_omnibox, serial_shops,
          nicolae_shop_behind_doors
Vaults:2: minmay_crypt_entry_necro_gods, st_hourglassy, hangedman_vaults_maws,
          v_misc_29, v_rooms_2, vaults_dpeg_doors, vaults_room_door_ring,
          hangedman_vaults_impose, v_misc_12, nicolae_vaults_big_angled_halls,
          layout_vaults_omnicross, serial_shops, shop, shop_fountains, shop,
          shop_coins, shop, uniq_bai_suzhen
Vaults:3: ontoclasm_vaults_shout, nicolae_vaults_back_hallway,
          vaults_mumra_chevron, ontoclasm_vaults_ring_small,
          nicolae_vaults_alarming, dpeg_vaults_monster_row,
          nicolae_vaults_network_periphery, vaults_mumra_hex,
          nicolae_vaults_diagonal_hallway_8, v_misc_13,
          nicolae_vaults_ring_of_whatevers, nicolae_vaults_ring_of_whatevers,
          grunt_vaults_bifocal, v_misc_25, vaults_standard_mumra_lines,
          nicolae_vaults_little_ls, hangedman_vaults_pinch,
          layout_vaults_maze_bifur, serial_shops, nicolae_lakefront_shop
Vaults:4: ontoclasm_vaults_fault, nicolae_vaults_network_square,
          hangedman_vaults_trim, v_misc_22, vaults_dpeg_spiral,
          grunt_tower_of_power, nicolae_vaults_yaktaur_gun_rack,
          vaults_dpeg_diagonal, vaults_room_grid, nicolae_vaults_ninety_degrees,
          v_misc_19, layout_vaults_ring, serial_glass, serial_shops, shop
Vaults:5
Depths:1: layout_gridville, hell_entry, abyss_entry_crystal, glass_columns_a,
          chequers_serial_rivers_large_a, item_on_display_a,
          serial_bayou_shore_a, uniq_saint_roka, uniq_asterion
Depths:2: cheibrodos_tormentor_scu, layout_cave_pools, serial_shops,
          kennysheep_mini, mu_enter_wizlab_6, lightli_too_deep,
          serial_sigils_hangedman_clutch, minmay_misc_feat_tiny, drop_trap
Depths:3: hangedman_pleasuredromes, hell_entry, pan_entry
Depths:4: cheibrodos_witchhunters_guild, layout_basic,
          chequers_serial_rivers_micro_c, hell_entry, pan_entry,
          abyss_entry_glasseish, infiniplex_staircase_squiggle
Depths:5: grunt_zot_entry_alcove, layout_gridlike, enter_ziggurat_d,
          fountainhead, rand_demon_pan_entry_8, hell_entry, minmay_multi_spiral,
          uniq_jory, uniq_mennas
Zig:4

Skill      XL: |  1  2  3  4  5  6  7  8  9 10 11 12 13 14 15 16 17 18 19 20 21 22 23 24 25 26 27 |
---------------+----------------------------------------------------------------------------------+-----
Dodging        | 2 3 4 5 6 7 8 9 10 11 12 13 14 16 17 18 19 21 22 | 22.9
Fire Magic     | 4 5 |  5.1
Fighting       | 1 2 3 5 6 7 9 10 11 12 13 14 15 17 18 19 20 21 22 23 24 | 24.8
Maces & Flails | 1 3 4 6 8 10 11 13 14 15 16 17 18 | 18.0
Necromancy     | 1 2 3 4 5 7 8 9 10 11 12 13 14 15 17 18 19 20 21 22 23 | 23.1
Shields        | 3 7 9 11 13 15 | 15.0
Stealth        | |  1.7
Spellcasting   | |  2.0
Conjurations   | |  1.0

Action                   |  1- 3 |  4- 6 |  7- 9 | 10-12 | 13-15 | 16-18 | 19-21 | 22-24 | 25-27 || total
-------------------------+-------+-------+-------+-------+-------+-------+-------+-------+-------++-------
Melee: Unarmed           |    26 |       |       |       |       |       |       |       |       ||    26
       Tailslap          |     6 |     3 |    13 |    57 |   110 |   115 |   142 |    91 |   106 ||   643
       Staff             |    23 |     2 |       |       |       |       |       |       |       ||    25
       Eveningstar       |       |    49 |   169 |   581 |   909 |   952 |  1209 |   689 |   829 ||  5387
       Kick              |       |       |       |    59 |   181 |       |       |       |       ||   240
 Cast: Foxfire           |   101 |    27 |     1 |     1 |     2 |     1 |       |       |       ||   133
       Vampiric Draining |       |       |     5 |    20 |    17 |       |     1 |     6 |       ||    49
       Pain              |       |       |     2 |       |       |       |       |       |       ||     2
       Animate Dead      |       |       |     1 |     2 |     2 |     1 |     2 |     1 |       ||     9
       Infestation       |       |       |       |       |       |       |       |     1 |       ||     1
Evoke: Wand              |       |       |     3 |       |       |       |       |       |     1 ||     4
  Use: Scroll            |       |     7 |     3 |     8 |     9 |    11 |     3 |    14 |     2 ||    57
       Potion            |       |     4 |     2 |     1 |       |     2 |     2 |     5 |     3 ||    19
 Stab: Sleeping          |     1 |       |     1 |     3 |       |       |       |       |       ||     5
       Invisible         |       |       |     1 |       |       |       |       |       |       ||     1
Armor: Skin              |    30 |    30 |    79 |   218 |   159 |   260 |   244 |   189 |   115 ||  1324
Dodge: Dodged            |    47 |    58 |   179 |   468 |   399 |   410 |   440 |   322 |   328 ||  2651
       Repelled          |       |       |       |     1 |     6 |    10 |     9 |    12 |    11 ||    49
Block: Other             |       |       |    25 |   251 |   191 |       |       |       |       ||   467
       Reflection        |       |       |       |    17 |    19 |    14 |       |       |       ||    50
       Kite shield       |       |       |       |       |   470 |   923 |   999 |   643 |   634 ||  3669

Table legend: (Time is in decaauts)
 A = Elapsed time spent in this place.
 B = Non-inter-level travel time spent in this place.
 C = Inter-level travel time spent in this place.
 D = Time resting spent in this place.
 E = Time spent auto-exploring this place.
 F = Levels seen in this place.
 G = Mean time per level.
                   A        B        C        D        E       F      G
               +--------+--------+--------+--------+--------+-----+--------+
         Total |  56537 |  51697 |   4840 |   2220 |  40504 |  56 | 1009.6 |
       Dungeon |  22862 |  20940 |   1922 |   1196 |  17109 |  15 | 1524.1 |
        Temple |    138 |     84 |     54 |      0 |     82 |   1 |  138.0 |
          Lair |   7183 |   6031 |   1152 |    187 |   5034 |   6 | 1197.2 |
         Swamp |   2517 |   2418 |     99 |      0 |   1972 |   4 |  629.2 |
   Spider Nest |   3524 |   3359 |    165 |     43 |   2780 |   4 |  881.0 |
    Slime Pits |   1046 |    971 |     75 |    145 |    505 |   5 |  209.2 |
  Orcish Mines |   3205 |   3038 |    167 |      0 |   2471 |   2 | 1602.5 |
   Elven Halls |   3390 |   3192 |    198 |     28 |   2366 |   3 | 1130.0 |
        Vaults |   7473 |   6697 |    776 |    543 |   4629 |   5 | 1494.6 |
        Depths |   4619 |   4389 |    230 |     23 |   3259 |   5 |  923.8 |
      Ziggurat |     89 |     89 |      0 |      0 |     10 |   4 |   22.2 |
         Trove |     34 |     34 |      0 |      0 |      0 |   1 |   34.0 |
        Wizlab |    451 |    451 |      0 |     55 |    286 |   1 |  451.0 |
               +--------+--------+--------+--------+--------+-----+--------+

Top non-repeatable levels by time:
    D:10: 2696 daAuts
    D:12: 2496 daAuts
   Orc:2: 2476 daAuts
    D:11: 1945 daAuts
    D:15: 1793 daAuts
  Lair:6: 1791 daAuts
Vaults:2: 1783 daAuts
     D:8: 1735 daAuts
     D:9: 1705 daAuts
Vaults:1: 1660 daAuts
    D:13: 1609 daAuts
Vaults:4: 1573 daAuts
Depths:5: 1530 daAuts
    D:14: 1454 daAuts
     D:5: 1439 daAuts
